 Dungeon Crawl Stone Soup version 0.28-a0-1629-gf728b707aa (webtiles) character file.

Game seed: 18264001511252817136

79 siradein the Skirmisher (level 4, -7/41 HPs)
             Began as a Minotaur Fighter on Jan 25, 2022.
             Killed by nerve-wracking pain
             ... invoked by Grinder
              (14 damage)
             ... while paralysed by Grinder
             ... on level 3 of the Dungeon.
             The game lasted 00:03:02 (1706 turns).

siradein the Skirmisher (Minotaur Fighter)          Turns: 1706, Time: 00:03:03

Health: -7/41      AC: 11    Str: 23    XL:     4   Next: 16%
Magic:  3/3        EV:  2    Int:  5    God:
Gold:   79         SH:  0    Dex:  9    Spells: 3/3 levels left

rFire   . . .      SeeInvis .   h - +1 mace (holy)
rCold   . . .      Faith    .   c - +0 buckler
rNeg    . . .      Spirit   .   f - +0 plate armour
rPois   .          Reflect  .   (helmet restricted)
rElec   .          Harm     .   (no cloak)
rCorr   .          Rampage  .   (no gloves)
Will    .....                   (no boots)
Stlth   ..........              (no amulet)
HPRegen 0.13/turn               (no ring)
MPRegen 0.08/turn               (no ring)

@: paralysed
A: horns 2, retaliatory headbutt
a: no special abilities


You were on level 3 of the Dungeon.
You visited 1 branch of the dungeon, and saw 3 of its levels.

You collected 79 gold pieces.

Inventory:

Hand Weapons
 h - a +1 mace of holy wrath (weapon)
Armour
 c - a +0 buckler (worn)
 f - a +0 plate armour (worn)
Jewellery
 a - an amulet of magic regeneration
Scrolls
 e - a scroll of identify {unknown}
 g - a scroll of fear {unknown}
 l - a scroll of noise {unknown}
Potions
 b - 2 potions of haste {unknown}
 d - a potion of might
 i - a potion of resistance {unknown}
 j - a potion of berserk rage {unknown}
 k - a potion of curing {unknown}


   Skills:
 + Level 4.4 Fighting
 + Level 3.4 Maces & Flails
 + Level 4.3 Armour
 + Level 4.3 Shields


You had 3 spell levels left.
You didn't know any spells.
Your spell library contained the following spells:

 Spells                   Type           Power      Damage    Failure   Level
 Animate Skeleton         Necr           0%         N/A       100%        1
 Pain                     Necr           0%         1d4       100%        1
 Vampiric Draining        Necr           0%         2d6       100%        3


Dungeon Overview and Level Annotations

Branches:
Dungeon (3/15)

Altars:

Annotations:
D:3 Grinder


Innate Abilities, Weirdness & Mutations

You have a pair of horns on your head.
You reflexively headbutt those who attack you in melee.


Message History

You can move again.
Unknown command.
Unknown command.
You barely miss Grinder.
Grinder is lightly wounded.
Grinder gestures at you.
You shrug off the repeated paralysis!
You barely miss Grinder.
Grinder is lightly wounded.
Grinder hits you.
You writhe in agony.
You are too injured to fight recklessly!
You are too injured to fight recklessly!
You are too injured to fight recklessly!
Unknown command.
You barely miss Grinder. Your headbutt misses Grinder.
Grinder is lightly wounded.
Grinder hits you.
You writhe in agony.
* * * LOW HITPOINT WARNING * * *
You hit Grinder but do no damage.
Grinder is lightly wounded.
Grinder gestures at you. You resist with significant effort.
Grinder gestures at you.
You suddenly lose the ability to move!
Grinder hits you.
* * * LOW HITPOINT WARNING * * *
You writhe in agony.
* * * LOW HITPOINT WARNING * * *
You can move again.
You closely miss Grinder.
Grinder is lightly wounded.
Grinder gestures at you.
You shrug off the repeated paralysis!
You hit Grinder.
Grinder convulses.
Grinder is moderately wounded.
Grinder gestures at you.
You suddenly lose the ability to move!
Grinder gestures at you. Pain shoots through your body!
You die...

.# #.# ##
#.## . ...#
#.##..#
#.#...## #
#.5....#.#
#..@.....###
####........
#.#######
#.# ##'##
##...##
##.....##
##.......##
#.........#


You could see Grinder.

Vanquished Creatures
  2 adders (D:3)
  A worm (D:2)
  3 dart slugs
  9 ball pythons
  4 endoplasms
  A giant cockroach (D:1)
  3 hobgoblins
  2 jackals (D:1)
  4 quokkas
  5 bats
  A frilled lizard (D:2)
  6 goblins
  4 kobolds
  5 rats
50 creatures vanquished.

Notes
Turn   | Place    | Note
-------+----------+-------------------------------------------
     0 | D:1      | siradein the Minotaur Fighter began the quest for the Orb.
     0 | D:1      | Reached XP level 1. HP: 19/19 MP: 0/0
   208 | D:1      | Reached XP level 2. HP: 26/27 MP: 1/1
   773 | D:2      | Reached XP level 3. HP: 33/33 MP: 2/2
  1655 | D:3      | Reached XP level 4. HP: 40/41 MP: 3/3
  1686 | D:3      | Noticed Grinder
  1692 | D:3      | Paralysed by Grinder for 7 turns
  1702 | D:3      | Paralysed by Grinder for 2 turns
  1705 | D:3      | Paralysed by Grinder for 5 turns
  1706 | D:3      | Killed from afar by Grinder

Illustrated notes

Levels and vault maps discovered:
D:1:      ncdulo_smallfort, layout_basic
D:2:      layout_basic
D:3:      layout_loops_corners, hellmonk_ecumenical_altar_arch_garden,
          gammafunk_ghost_split, st_stairs_10, roderic_malta_cross,
          kennysheep_generic_room_5, uniq_grinder, uniq_terence

Skill      XL: |  1  2 |
---------------+-------+-----
Fighting       | 4 |  4.4
Armour         | 4 |  4.3
Shields        | 4 |  4.3
Maces & Flails | 3 |  3.4

Action                   |  1- 3 |  4- 6 || total
-------------------------+-------+-------++-------
Melee: Flail             |    55 |       ||    55
       Headbutt          |     9 |     1 ||    10
       Mace              |    42 |    17 ||    59
Armor: Scale mail        |    12 |       ||    12
       Plate armour      |    65 |    13 ||    78
Dodge: Dodged            |    29 |     4 ||    33
Block: Buckler           |    20 |     5 ||    25

Table legend: (Time is in decaauts)
 A = Elapsed time spent in this place.
 B = Non-inter-level travel time spent in this place.
 C = Inter-level travel time spent in this place.
 D = Time resting spent in this place.
 E = Time spent auto-exploring this place.
 F = Levels seen in this place.
 G = Mean time per level.
                   A        B        C        D        E       F      G
               +--------+--------+--------+--------+--------+-----+--------+
         Total |   1737 |   1697 |     40 |      0 |   1367 |   3 |  579.0 |
       Dungeon |   1737 |   1697 |     40 |      0 |   1367 |   3 |  579.0 |
               +--------+--------+--------+--------+--------+-----+--------+

Top non-repeatable levels by time:
     D:2: 894 daAuts
     D:1: 781 daAuts
     D:3: 61 daAuts
